 Dungeon Crawl Stone Soup version 0.23.2-33-g5129a83184 (webtiles) character file.

Game seed: 13682878867108334607

13162 FishyPogo the Covert (level 11, -1/83 HPs)
             Began as a Vampire Necromancer on Aug 8, 2019.
             Was a High Priest of Dithmenos.
             Slain by a freezing wraith (11 damage)
             ... on level 11 of the Dungeon.
             The game lasted 01:53:03 (12517 turns).

FishyPogo the Covert (Vampire Necromancer)         Turns: 12517, Time: 01:53:03

Health: -1/83      AC:  7    Str:  8    XL:     11   Next: 72%
Magic:  15/23      EV: 16    Int: 23    God:    Dithmenos [*****.]
Gold:   573        SH:  5    Dex: 16    Spells: 9/26 levels left

rFire    . . .     SeeInvis +   b - +1 hunting sling (freeze)
rCold    . . .     Gourm    .   j - +0 buckler
rNeg     + . .     Faith    .   J - +2 robe {MR+}
rPois    .         Spirit   .   m - +0 helmet
rElec    .         Reflect  .   R - +0 cloak
rCorr    +         Harm     .   u - +0 pair of gloves
MR       ++...                  (no boots)
Stlth    +++++++...             t - amulet of rage
HPRegen  0.23/turn              K - ring of resist corrosion
MPRegen  0.18/turn              x - +4 ring of intelligence

@: slowed, wreathed by umbra, very slow
A: fangs 3, see invisible, unbreathing
a: Bat Form, Shadow Step, Shadow Form, Renounce Religion, Evoke Berserk Rage


You were on level 11 of the Dungeon.
You worshipped Dithmenos.
Dithmenos was extremely pleased with you.
You were not thirsty.

You visited 1 branch of the dungeon, and saw 12 of its levels.

You collected 601 gold pieces.
You spent 28 gold pieces at shops.

Inventory:

Hand Weapons
 a - the +8 whip of Courage {slash, rN+ Int+3 Dex+3}
   (You found it on level 5 of the Dungeon)

   It inflicts extra damage upon your enemies.
   It affects your intelligence (+3).
   It affects your dexterity (+3).
   It protects you from negative energy.
 b - a +1 hunting sling of freezing (weapon)
Missiles
 l - 278 stones
 y - 68 sling bullets (quivered)
Armour
 j - a +0 buckler (worn)
 m - a +0 helmet (worn)
 u - a +0 pair of gloves (worn)
 J - a +2 robe of magic resistance (worn)
 R - a +0 cloak (worn)
 W - a +2 ring mail of fire resistance
Jewellery
 t - an amulet of rage (around neck)
 v - an uncursed ring of positive energy
 x - a +4 ring of intelligence (right hand)
 K - a ring of resist corrosion (left hand)
Wands
 A - a wand of iceblast (13)
 B - a wand of clouds (9)
 G - a wand of digging (5)
 I - a wand of flame (25)
 N - a wand of paralysis (16)
 O - a wand of polymorph (7)
Scrolls
 c - 5 scrolls of immolation
 d - 2 scrolls of teleportation
 f - 4 scrolls of enchant armour {unknown}
 g - 2 scrolls of fog {unknown}
 i - 4 scrolls of remove curse
 k - 3 scrolls of random uselessness {unknown}
 n - 2 scrolls of magic mapping
 r - a scroll of fear
 D - a scroll of amnesia
 E - 3 scrolls of identify
 F - 2 scrolls of enchant weapon {unknown}
Potions
 e - 11 potions of blood
 h - 3 potions of agility {unknown}
 o - 2 potions of invisibility
 s - a potion of magic
 w - a potion of resistance
 z - 2 potions of berserk rage {unknown}
 H - 3 potions of curing
 M - a potion of brilliance
 Q - a potion of mutation {unknown}
 V - a potion of lignification {unknown}


   Skills:
 * Level 6.5 Fighting
   Level 1.0 Short Blades
 + Level 5.8 Maces & Flails
 * Level 2.5 Armour
 - Level 5.6 Dodging
 - Level 10.0 Stealth
 - Level 4.0 Shields
 - Level 8.1 Spellcasting
 - Level 4.2 Hexes
 - Level 6.0 Necromancy
 - Level 4.1 Translocations
 + Level 5.7 Evocations


You had 9 spell levels left.
You knew the following spells:

 Your Spells              Type           Power        Failure   Level  Hunger
a - Pain                  Necr           ####         1%          1    None
b - Animate Skeleton      Necr           N/A          1%          1    None
c - Vampiric Draining     Necr           #####.....   1%          3    None
d - Confuse               Hex            ####....     3%          3    None
e - Animate Dead          Necr           N/A          5%          4    ###....
f - Blink                 Tloc           N/A          1%          2    None
g - Regeneration          Chrm/Necr      ###.......   6%          3    None

Your spell library contained the following spells:

 Spells                   Type           Power        Failure   Level  Hunger
 Confusing Touch          Hex            ####..       1%          1    None
 Slow                     Hex            ####....     1%          2    None
 Gell's Gravitas          Tloc           ####......   3%          3    None
 Magic Dart               Conj           #...         7%          1    None
 Sandblast                Erth           #.....       7%          1    None
 Call Imp                 Summ           #.......     11%         2    None
 Passwall                 Tmut/Erth      #.......     11%         2    None
 Conjure Flame            Conj/Fire      #.......     21%         3    None
 Mephitic Cloud           Conj/Pois/Air  #.......     21%         3    None
 Stone Arrow              Conj/Erth      #.....       21%         3    None
 Petrify                  Tmut/Erth      #.......     56%         4    ###....
 Metabolic Englaciation   Hex/Ice        ###.......   61%         5    #####..
 Yara's Violent Unravell  Hex/Tmut       ###.......   61%         5    #####..
 Lee's Rapid Deconstruct  Erth           #.........   88%         5    #####..


Dungeon Overview and Level Annotations

Branches:
Dungeon (12/15)            Temple (0/1) D:5            Lair (0/6) D:11
    Orc (0/2) D:11

Altars:
Ashenzari
Dithmenos
Kikubaaqudgha
Nemelex Xobeh
Sif Muna
Uskayaw
Wu Jian
Xom
Zin
The Shining One

Shops:
D:5 =   D:7 =   D:9 (   D:10 (?   D:11 [=}*=

Annotations:
D:8 Ceapi's ghost, novice HOBe
D:11 3 runed translucent doors, exclusion: orange crystal statue


Innate Abilities, Weirdness & Mutations

You have razor-sharp teeth.
You have supernaturally acute eyesight. (SInv)
You can survive without breathing.


Message History

Aiming: Vampiric Draining (safe; 1% risk of failure)
Press: ? - help, Shift-Dir - straight line, f - troll, p - freezing wraith
Aim: a troll (umbra)
The troll is lightly wounded.
You feel life coursing into your body. The troll bites you.
* * * LOW HITPOINT WARNING * * *
You block the troll's attack. The troll claws you!
* * * LOW HITPOINT WARNING * * *
The freezing wraith closely misses you. The freezing wraith barely misses you.
The troll completely misses you. You block the troll's attack.
The troll closely misses you.
Casting: Vampiric Draining (safe; 1% risk of failure)
Confirm with . or Enter, or press ? or * to list all spells.
Aiming: Vampiric Draining (safe; 1% risk of failure)
Press: ? - help, Shift-Dir - straight line, f/p - troll
Aim: a troll (lightly wounded, umbra)
The troll is heavily wounded.
You feel life coursing into your body. The freezing wraith closely misses you.
The freezing wraith hits you!
You die...

#......................#.......
#................∩.....#.......
#......................#.......
#......................#.......
#......................#.......
#....################..###.....
#..............................
#.............W................
#.............@................
#.............T................
#..............................
#.....##...........##...#######
#......#...........#....#......
#......#...........#....#......
#......#...........#.♣P........
#......#..........(..P.........
#......#.................P.....


You could see a freezing wraith and a troll.

Vanquished Creatures
  A hydra (D:12)
  Erolcha (D:9)
  A two-headed ogre (D:11)
  2 ugly things (D:11)
  Maurice (D:8)
  A kobold demonologist (D:11)
  2 trolls
  A hornet (D:11)
  A hippogriff (D:8)
  A wraith (D:11)
  2 wyverns
  Eustachio (D:6)
  4 hogs (D:7)
  A human (D:7)
  3 hungry ghosts
  Edmund (D:6)
  Menkaure (D:6)
  4 porcupines (D:11)
  Duvessa (D:6)
  7 orc warriors
  A swamp drake (D:11)
  4 ice beasts
  4 ogres
  4 black bears
  3 sky beasts
  A phantom (D:10)
  2 wolves (D:11)
  3 centaurs
  7 crocodiles
  4 bullfrogs
  Dowan (D:6)
  2 scorpions (D:4)
  3 howler monkeys
  14 wights
  11 hounds
  9 crimson imps
  A jelly (D:9)
  15 orc priests
  2 bullfrog skeletons (D:5)
  3 centaur skeletons
  11 orc wizards
  Jessica (D:3)
  7 worker ants
  Natasha (thrice) (D:3)
  5 iguanas
  A hound zombie (D:6)
  A hound skeleton (D:7)
  3 howler monkey zombies
  4 gnolls (D:10)
  19 adders
  4 shadow imps
  2 oozes
  An adder skeleton (D:5)
  2 worms
  A dart slug (D:1)
  32 orcs
  4 ball pythons
  9 bats
  4 giant cockroaches
  2 goblins
  11 hobgoblins
  2 jackals (D:3)
  7 quokkas
  4 frilled lizards
  11 kobolds
  2 leopard gecko skeletons
  2 quokka skeletons
  2 quokka zombies
  9 rats
  A fungus (D:11)
298 creatures vanquished.

Vanquished Creatures (collateral kills)
  An adder (D:3)
  A goblin (D:3)
  A jackal (D:3)
3 creatures vanquished.

Vanquished Creatures (others)
  A plant (D:11)
1 creature vanquished.

Grand Total: 302 creatures vanquished

Notes
Turn   | Place    | Note
-------+----------+-------------------------------------------
     0 | D:1      | FishyPogo the Vampire Necromancer began the quest for the
                  | Orb.
     0 | D:1      | Reached XP level 1. HP: 13/13 MP: 3/3
    11 | D:1      | Learned a level 1 spell: Animate Skeleton
   171 | D:1      | Reached XP level 2. HP: 12/19 MP: 0/5
   742 | D:2      | Reached XP level 3. HP: 19/24 MP: 2/6
   999 | D:2      | Learned a level 3 spell: Vampiric Draining
  1031 | D:2      | Reached XP level 4. HP: 22/30 MP: 8/8
  1043 | D:2      | Found a faded altar of an unknown god.
  1152 | D:2      | Reached skill level 4 in Stealth
  1188 | D:2      | Found a shadowy altar of Dithmenos.
  1198 | D:2      | Became a worshipper of Dithmenos the Shadowed
  1258 | D:2      | Reached skill level 1 in Shields
  2042 | D:3      | Reached XP level 5. HP: 35/35 MP: 9/9
  2116 | D:3      | Noticed Jessica
  2144 | D:3      | Noticed Natasha
  2222 | D:3      | Reached * piety under Dithmenos
  2233 | D:3      | Killed Jessica
  2233 | D:3      | Reached skill level 5 in Necromancy
  2272 | D:3      | Killed Natasha
  2308 | D:3      | Noticed Natasha
  2313 | D:3      | Killed Natasha
  2320 | D:3      | Found a shattered altar of Ashenzari.
  2320 | D:3      | Found an ancient bone altar of Kikubaaqudgha.
  2580 | D:3      | Noticed Natasha
  2584 | D:3      | Killed Natasha
  2584 | D:3      | Reached XP level 6. HP: 17/41 MP: 7/11
  2703 | D:4      | Reached skill level 5 in Stealth
  2854 | D:4      | Learned a level 3 spell: Confuse
  3121 | D:4      | Reached skill level 1 in Hexes
  3164 | D:5      | Entered Level 5 of the Dungeon
  3227 | D:5      | Found a shimmering altar of Xom.
  3319 | D:5      | Reached XP level 7. HP: 37/46 MP: 7/13
  3390 | D:5      | Found Iful's Jewellery Boutique.
  3551 | D:5      | Reached skill level 1 in Short Blades
  3558 | D:5      | Learned a level 4 spell: Animate Dead
  3715 | D:5      | Got a crystal whip
  3716 | D:5      | Identified the +8 whip of Courage {slash, rN+ Int+3 Dex+3}
                  | (You found it on level 5 of the Dungeon)
  3782 | D:5      | Found a staircase to the Ecumenical Temple.
  3994 | D:6      | Noticed Edmund
  4023 | D:6      | Killed Edmund
  4023 | D:6      | Reached skill level 1 in Fighting
  4023 | D:6      | Reached skill level 1 in Maces & Flails
  4159 | D:6      | Got a steaming war axe
  4160 | D:6      | Identified the +2 war axe of the Whale {drain, rElec rN+
                  | Str+3} (You found it on level 6 of the Dungeon)
  4206 | D:6      | Noticed Menkaure
  4211 | D:6      | Noticed Duvessa
  4273 | D:6      | Noticed Eustachio
  4290 | D:6      | Killed Eustachio
  4290 | D:6      | Reached XP level 8. HP: 52/54 MP: 2/15
  4458 | D:6      | Noticed Dowan
  4464 | D:6      | Killed Duvessa
  4473 | D:6      | Reached skill level 5 in Spellcasting
  4477 | D:6      | Killed Dowan
  4516 | D:6      | Reached ** piety under Dithmenos
  4730 | D:6      | Reached skill level 1 in Evocations
  4759 | D:7      | Found a hide-covered altar of Uskayaw.
  4820 | D:7      | Reached skill level 6 in Stealth
  4912 | D:6      | Killed Menkaure
  4936 | D:7      | Reached XP level 9. HP: 62/62 MP: 17/17
  5000 | D:7      | Reached *** piety under Dithmenos
  5194 | D:7      | Found Pojatath's Jewellery Shoppe.
  5462 | D:7      | Reached skill level 5 in Dodging
  5756 | D:7      | Found a sparkling altar of Nemelex Xobeh.
  5760 | D:7      | Found a deep blue altar of Sif Muna.
  5761 | D:7      | Found a glowing silver altar of Zin.
  5761 | D:7      | Found a glowing golden altar of the Shining One.
  5766 | D:7      | Found an ornate altar of the Wu Jian Council.
  5891 | D:8      | Noticed Maurice
  5936 | D:8      | Killed Maurice
  5936 | D:8      | Reached skill level 7 in Stealth
  6230 | D:8      | Found a transporter.
  6231 | D:8      | Noticed Ceapi's ghost (novice HOBe)
  6247 | D:8      | Noticed a moth of wrath
  6276 | D:8      | Found a transporter.
  6401 | D:8      | You fall through a shaft for 2 floors!
  6401 | D:10     | Entered Level 10 of the Dungeon
  6401 | D:10     | Found Gucw's Magic Scroll Shoppe.
  6401 | D:10     | Found Dorham's Weapon Shop.
  6427 | D:10     | Bought a scroll of identify for 28 gold pieces
  6478 | D:9      | Found Teighet's Antique Weapon Emporium.
  6748 | D:8      | Reached XP level 10. HP: 50/70 MP: 13/20
  6939 | D:9      | Learned a level 2 spell: Blink
  6979 | D:9      | Reached skill level 1 in Translocations
  7208 | D:9      | Noticed Erolcha
  7221 | D:9      | Killed Erolcha
  8103 | D:9      | Reached **** piety under Dithmenos
  8478 | D:10     | Reached skill level 8 in Stealth
  8650 | D:10     | Reached skill level 5 in Maces & Flails
  9085 | D:11     | Found a runed translucent door.
  9103 | D:11     | Reached skill level 5 in Fighting
  9103 | D:11     | Reached XP level 11. HP: 63/79 MP: 0/22
  9132 | D:11     | Reached skill level 5 in Evocations
  9399 | D:11     | Found a staircase to the Lair.
  9434 | D:11     | Found a runed translucent door.
  9512 | D:11     | Found Qoec's Jewellery Boutique.
  9567 | D:11     | Reached ***** piety under Dithmenos
  9659 | D:11     | Found a runed translucent door.
  9683 | D:11     | Reached skill level 9 in Stealth
  9715 | D:11     | Found a runed translucent door.
  9718 | D:11     | Found Otosem's Gadget Boutique.
  9758 | D:11     | Noticed a red ugly thing
  9758 | D:11     | Noticed a red ugly thing
  9793 | D:11     | Noticed a two-headed ogre
 10029 | D:11     | Found Zyodul's Jewellery Boutique.
 10086 | D:11     | Found a staircase to the Orcish Mines.
 10540 | D:11     | Killed a red ugly thing
 10671 | D:11     | Killed a purple ugly thing
 10671 | D:11     | Reached skill level 1 in Armour
 10686 | D:11     | Noticed an orange crystal statue
 10798 | D:11     | Killed a two-headed ogre
 10843 | D:11     | Found Ymum's Assorted Antiques.
 11631 | D:8      | Learned a level 3 spell: Regeneration
 12016 | D:10     | Reached skill level 10 in Stealth
 12141 | D:12     | Noticed a four-headed hydra
 12162 | D:12     | Killed a four-headed hydra
 12224 | D:12     | Noticed a great orb of eyes
 12262 | D:12     | a great orb of eyes changed into a slime creature
 12403 | D:11     | Found Nephu's Armour Shop.
 12516 | D:11     | HP: 4/83 [troll (11)]
 12517 | D:11     | Slain by a freezing wraith

Skill      XL: |  1  2  3  4  5  6  7  8  9 10 11 |
---------------+----------------------------------+-----
Dodging        | 3 4 5 |  5.6
Stealth        | 4 5 6 7 8 10 | 10.0
Shields        | 1 3 4 |  4.0
Spellcasting   | 3 4 5 6 7 8 |  8.1
Necromancy     | 5 6 |  6.0
Hexes          | 1 4 |  4.2
Short Blades   | 1 |  1.0
Fighting       | 1 2 3 5 6 |  6.5
Maces & Flails | 1 3 4 5 |  5.8
Evocations     | 2 4 5 |  5.7
Translocations | 4 |  4.1
Armour         | 2 |  2.5

Action                   |  1- 3 |  4- 6 |  7- 9 | 10-12 || total
-------------------------+-------+-------+-------+-------++-------
Melee: Dagger            |    28 |   150 |    79 |     3 ||   260
       Bite              |     5 |    11 |    31 |    48 ||    95
       Whip              |       |       |   191 |   399 ||   590
 Fire: Hunting sling     |       |       |       |    11 ||    11
Throw: Stone             |     1 |     1 |     7 |     8 ||    17
 Cast: Pain              |    32 |    52 |    68 |   107 ||   259
       Animate Skeleton  |     2 |     5 |     1 |       ||     8
       Vampiric Draining |       |     7 |     1 |    66 ||    74
       Confuse           |       |     6 |    42 |    72 ||   120
Invok: Shadow Step       |       |       |       |     1 ||     1
 Abil: Bat Form          |       |       |     1 |     5 ||     6
       End Transformatio |       |       |     1 |     4 ||     5
Evoke: Wand              |       |       |     1 |     1 ||     2
  Use: Scroll            |     1 |       |    11 |     8 ||    20
       Potion            |       |    11 |     8 |    24 ||    43
 Stab: Sleeping          |    10 |    11 |     8 |    10 ||    39
       Confused          |       |       |    20 |    16 ||    36
       Paralysed         |       |       |     3 |       ||     3
  Eat: Corpse            |       |     1 |     1 |     8 ||    10
Armor: Robe              |     3 |    25 |    28 |    43 ||    99
       Ring mail         |       |       |       |     5 ||     5
Dodge: Dodged            |    11 |   100 |   157 |   292 ||   560
Block: Buckler           |       |    11 |    46 |   104 ||   161
